 Dungeon Crawl Stone Soup version 0.31-a0-435-g2c6fae2916 (webtiles) character file.

Game seed: 4672899487729501964

2964 AdnanSaban the Protected (level 9, -8/56 HPs)
             Began as a Gargoyle Fighter on Aug 1, 2023.
             Was an Elder of Okawaru.
             Mangled by a boulder beetle (19 damage)
             ... on level 6 of the Dungeon.
             The game lasted 00:08:15 (5937 turns).

AdnanSaban the Protected (Gargoyle Fighter)         Turns: 5937, Time: 00:08:15

Health: -8/56      AC: 21    Str: 24    XL:     9   Next: 82%
Magic:  9/9        EV:  7    Int:  9    God:    Okawaru [****..]
Gold:   255        SH:  5    Dex:  9    Spells: 8/8 levels left

rFire   . . .        e - +2 whip (elec)
rCold   . . .        c - +0 buckler
rNeg    + . .        o - +0 plate armour
rPois   ∞            k - +0 helmet
rElec   +            E - scarf {repulsion}
rCorr   .            (no gloves)
SInv    .            (no boots)
Will    .....        (no amulet) Stlth
                     b - ring of flight
HPRegen 0.29/turn    (no ring)
MPRegen 0.11/turn

%: repel missiles
@: flying
A: sickness immunity, AC +6, negative energy resistance 1, electricity
resistance, torment resistance 1, petrification resistance
a: Renounce Religion, Heroism, Finesse


You were on level 6 of the Dungeon.
You worshipped Okawaru.
Okawaru was greatly pleased with you.
You visited 1 branch of the dungeon, and saw 6 of its levels.

You collected 255 gold pieces.

Inventory:

Hand Weapons
 e - a +2 whip of electrocution (weapon)
Missiles
 t - 5 javelins
 w - 2 boomerangs
 x - a poisoned dart (quivered)
Armour
 c - a +0 buckler (worn)
 k - a +0 helmet (worn)
 o - a +0 plate armour (worn)
 E - a scarf of repulsion (worn)
Jewellery
 b - a ring of flight (left hand)
 s - a ring of fire
Wands
 v - a wand of roots (5)
 B - a wand of polymorph (12)
Scrolls
 a - 2 scrolls of vulnerability {unknown}
 f - a scroll of acquirement {unknown}
 h - 2 scrolls of teleportation {unknown}
 i - 3 scrolls of identify {unknown}
 l - 3 scrolls of revelation {unknown}
 n - 2 scrolls of torment {unknown}
 q - a scroll of enchant armour {unknown}
 r - 3 scrolls of immolation {unknown}
 u - a scroll of brand weapon {unknown}
 y - 2 scrolls of blinking {unknown}
 z - a scroll of noise {unknown}
 F - a scroll of amnesia {unknown}
Potions
 d - 3 potions of might
 g - 3 potions of enlightenment {unknown}
 j - a potion of attraction {unknown}
 m - a potion of cancellation {unknown}
 p - 3 potions of brilliance {unknown}
 A - 2 potions of curing {unknown}
 C - 2 potions of lignification {unknown}
 D - a potion of invisibility {unknown}


   Skills:
 + Level 6.5 Fighting
 + Level 8.2 Maces & Flails
 + Level 1.4 Throwing
 + Level 8.6 Armour
 + Level 1.8 Dodging
 + Level 0.7 Stealth
 + Level 6.2 Shields
 + Level 0.1 Invocations


You had 8 spell levels left.
You didn't know any spells.
Your spell library contained the following spells:

 Spells                   Type           Power      Damage    Failure   Level
 Lesser Beckoning         Tloc           0%         N/A       100%        2
 Gell's Gravitas          Tloc           0%         N/A       100%        3
 Teleport Other           Tloc           0%         N/A       100%        3


Dungeon Overview and Level Annotations

Branches:
Dungeon (6/15)
 Temple: D:4-7

Altars:
Okawaru

Shops:
D:2 ?

Annotations:
D:4 Dowan


Innate Abilities, Weirdness & Mutations

You are immune to sickness and miasma.
Your stone body is resilient. (AC +6)
You are immune to poison.
You resist negative energy. (rN+)
You are resistant to electric shocks. (rElec)
You are resistant to unholy torment.
You are immune to petrification.


Message History

You kill the ogre!
Okawaru accepts your kill.
Your Shields skill increases to level 6!
Found 7 gold pieces.
The adder bites you but does no damage. The adder completely misses you.
You hit the adder.
The adder is heavily wounded.
The adder bites you but does no damage.
You closely miss the adder.
The adder is heavily wounded.
The adder closely misses you.
You miss the adder.
The adder is heavily wounded.
The adder bites you but does no damage.
You whack the adder! Lightning courses through the adder!
You kill the adder!
Okawaru accepts your kill.
Found a ruby potion.
You see here an adder corpse.
An ice beast is nearby!
An ice beast is nearby!
Found a stone staircase leading down.
Okay, then.
The boulder beetle curls into a ball and begins rolling!
You see here a poisoned dart.
x - a poisoned dart You see here a scroll labelled KOMEPIELEV.
Found 10 gold pieces.
You block the boulder beetle's attack.
The boulder beetle stops rolling and uncurls.
The boulder beetle bites you but does no damage.
The boulder beetle attacks as you move away!
You block the boulder beetle's attack.
The boulder beetle attacks as you move away!
The boulder beetle bites you!
The boulder beetle attacks as you move away!
The boulder beetle bites you!
* * * LOW HITPOINT WARNING * * *
The boulder beetle curls into a ball and begins rolling!
The boulder beetle hits you!!
You die...

#..!..#...#..#.$......$.#
#.###.#[..)#.#.#.Y....##
.#.....#........#####..#
....#.....#.....# #....#
###/#.###.#....$###°...###
....#.....#...#..##Y.....#
.#..$..#......##..○...##.#
.#.###.#.###(.##.B.#### .#
.#.....#†.....#<@..### #
....#..)..#...#......###.#
###[#.###.#.[.#.#........#
....#..?..#...#.#........#
.#.....#......#.#....#...#
.#.###!#.###..#.#...#.#...
.#.....#........#..#._.#..
....#.....#.........#.#..
....#.###.#....##... #....


You could see a boulder beetle (rolling) and an ice beast.

Vanquished Creatures
  An ugly thing (D:6)
  Grinder (D:4)
  Prince Ribbit (D:6)
  Duvessa (D:4)
  An ice beast (D:5)
  A black bear (D:5)
  A sky beast (D:6)
  4 ogres
  An orc warrior (D:5)
  5 phantoms
  A kobold brigand (D:4)
  A bullfrog (D:5)
  A scorpion (D:6)
  A killer bee (D:5)
  4 hounds
  2 orc priests
  Jessica (D:2)
  4 iguanas
  3 orc wizards
  Ijyb (D:3)
  Robin (D:2)
  9 gnolls
  5 adders
  A white imp (D:6)
  2 ufetubi (D:5)
  2 worms (D:2)
  3 dart slugs
  22 orcs
  7 endoplasms
  5 giant cockroaches
  15 goblins
  8 hobgoblins
  7 jackals (D:1)
  11 kobolds
  4 quokkas
  5 ball pythons
  7 bats
  2 frilled lizards (D:2)
  7 rats
159 creatures vanquished.

Notes
Turn   | Place    | Note
-------+----------+-------------------------------------------
     0 | D:1      | AdnanSaban the Gargoyle Fighter began the quest for the
                  | Orb.
     0 | D:1      | Reached XP level 1. HP: 14/14 MP: 1/1
   216 | D:1      | Reached XP level 2. HP: 19/19 MP: 2/2
   371 | D:1      | Reached XP level 3. HP: 10/23 MP: 3/3
   888 | D:2      | Noticed Robin
  1026 | D:1      | Reached XP level 4. HP: 18/28 MP: 4/4
  1070 | D:2      | Killed Robin
  1116 | D:2      | Found an iron altar of Okawaru.
  1124 | D:2      | Became a worshipper of Warmaster Okawaru
  1181 | D:2      | Reached skill level 1 in Dodging
  1473 | D:2      | Reached XP level 5. HP: 28/32 MP: 5/5
  1477 | D:2      | Noticed Jessica
  1553 | D:2      | Killed Jessica
  1658 | D:2      | Found Boew's Magic Scroll Boutique.
  2352 | D:3      | Reached skill level 5 in Armour
  2352 | D:3      | Reached XP level 6. HP: 29/38 MP: 6/6
  2738 | D:3      | Reached * piety under Okawaru
  2770 | D:3      | Noticed Ijyb
  2774 | D:3      | Killed Ijyb
  2962 | D:4      | Reached XP level 7. HP: 42/43 MP: 7/7
  3234 | D:4      | Noticed Grinder
  3248 | D:4      | Paralysed by Grinder for 3 turns
  3257 | D:4      | Killed Grinder
  3257 | D:4      | Reached ** piety under Okawaru
  3258 | D:4      | Reached skill level 5 in Maces & Flails
  3618 | D:4      | Noticed Dowan
  3619 | D:4      | Noticed Duvessa
  3643 | D:4      | Killed Duvessa
  3644 | D:4      | Reached XP level 8. HP: 18/48 MP: 8/8
  4055 | D:5      | Entered Level 5 of the Dungeon
  4082 | D:5      | Reached skill level 5 in Shields
  4211 | D:5      | Reached skill level 5 in Fighting
  4570 | D:5      | Reached *** piety under Okawaru
  5096 | D:6      | Found an iron altar of Okawaru.
  5107 | D:6      | Reached XP level 9. HP: 55/55 MP: 9/9
  5114 | D:6      | Noticed a boulder beetle
  5270 | D:6      | Noticed a white ugly thing
  5292 | D:6      | Noticed Prince Ribbit
  5465 | D:6      | Killed a white ugly thing
  5769 | D:6      | Reached skill level 1 in Throwing
  5799 | D:6      | Killed Prince Ribbit
  5799 | D:6      | Reached **** piety under Okawaru
  5937 | D:6      | Mangled by a boulder beetle

Illustrated notes

Levels and vault maps discovered:
D:1:      matt_arrival_los_fun, layout_loops_ring, minmay_door_square,
          hangedman_decor_diamond_cutter
D:2:      layout_loops_ring, serial_shops, shop, basic_altar, uniq_jessica,
          uniq_robin
D:3:      layout_rooms, uniq_ijyb
D:4:      layout_basic, uniq_grinder, uniq_duvessa
D:5:      minmay_angry_zag, layout_loops_ring
D:6:      hangedman_cross_stitches, layout_basic, okawaru_metal_pillars_3,
          pdpol_wu_jian_five_deadly_venoms, chequers_serial_rivers_large_b,
          minmay_small_thing, uniq_prince_ribbit1

Skill      XL: |  1  2  3  4  5  6  7  8  9 |
---------------+----------------------------+-----
Armour         | 4 5 6 7 8 |  8.6
Dodging        | 1 |  1.8
Maces & Flails | 3 4 5 7 8 |  8.2
Shields        | 4 5 6 |  6.2
Fighting       | 4 5 6 |  6.5
Throwing       | 1 |  1.4
Stealth        | |  0.7
Invocations    | |  0.1

Action                     |  1- 3 |  4- 6 |  7- 9 || total
---------------------------+-------+-------+-------++-------
  Melee: Flail             |    17 |       |       ||    17
         Whip              |   117 |   186 |   344 ||   647
  Throw: Dart              |       |       |     7 ||     7
         Boomerang         |       |       |     3 ||     3
 Invoke: Heroism           |       |       |     1 ||     1
 Armour: Scale mail        |    75 |    42 |       ||   117
         Plate armour      |       |    80 |   176 ||   256
  Dodge: Dodged            |    88 |    69 |    87 ||   244
         Repelled          |       |       |     1 ||     1
  Block: Buckler           |    30 |    40 |    70 ||   140

Table legend: (Time is in decaauts)
 A = Elapsed time spent in this place.
 B = Non-inter-level travel time spent in this place.
 C = Inter-level travel time spent in this place.
 D = Time resting spent in this place.
 E = Time spent auto-exploring this place.
 F = Levels seen in this place.
 G = Mean time per level.
                   A        B        C        D        E       F      G
               +--------+--------+--------+--------+--------+-----+--------+
         Total |   5883 |   5688 |    195 |    992 |   3398 |   6 |  980.5 |
       Dungeon |   5883 |   5688 |    195 |    992 |   3398 |   6 |  980.5 |
               +--------+--------+--------+--------+--------+-----+--------+

Top non-repeatable levels by time:
     D:5: 1284 daAuts
     D:1: 1279 daAuts
     D:4: 982 daAuts
     D:3: 899 daAuts
     D:2: 890 daAuts
     D:6: 546 daAuts
